 Dungeon Crawl Stone Soup version 0.21-a0-633-g4c047d5 (webtiles) character file.

532 KristoblXynda the Charmwright (level 7, -5/33 HPs)
             Began as a Spriggan Skald on Dec 28, 2017.
             Was a Believer of Nemelex Xobeh.
             Killed from afar by Ijyb (8 damage)
             ... with a wand of flame (10)
             ... on level 3 of the Dungeon.
             The game lasted 00:06:41 (3201 turns).

KristoblXynda the Charmwright (Spriggan Skald)      Turns: 3201, Time: 00:06:41

Health: -5/33      AC:  2    Str:  8    XL:     7   Next: 4%
Magic:  9/13       EV: 22    Int: 15    God:    Nemelex Xobeh [**....]
Gold:   139        SH:  0    Dex: 16    Spells: 6/13 levels left

rFire    . . .     SeeInvis +   a - +0 short sword
rCold    . . .     Gourm    .   (shield restricted)
rNeg     + . .     Faith    .   b - +0 robe
rPois    .         Spirit   .   (helmet restricted)
rElec    .         Reflect  .   (no cloak)
rCorr    .         Harm     .   (gloves unavailable)
MR       +....                  (boots unavailable)
Stlth    ++........             (no amulet)
HPRegen  0.11/turn              r - ring of positive energy
MPRegen  0.13/turn              (no ring)

@: infused, very quick
A: very small, unfitting armour, see invisible, herbivore, speed 3, slow
metabolism 2
a: Renounce Religion


You were on level 3 of the Dungeon.
You worshipped Nemelex Xobeh.
Nemelex Xobeh was pleased with you.
You were not hungry.

You visited 1 branch of the dungeon, and saw 3 of its levels.

You collected 139 gold pieces.

Inventory:

Hand Weapons
 a - a +0 short sword (weapon)
Armour
 b - a +0 robe (worn)
 o - a +0 buckler
Jewellery
 r - a ring of positive energy (left hand)
Scrolls
 e - a scroll of blinking {unknown}
 g - 3 scrolls of remove curse
 h - 2 scrolls of teleportation {unknown}
 i - a scroll of fear {unknown}
 j - a scroll of enchant weapon {unknown}
 k - a scroll of amnesia {unknown}
 l - 2 scrolls of immolation {unknown}
 m - a scroll of fog {unknown}
 q - 5 scrolls of identify
 t - a scroll of enchant armour {unknown}
Potions
 n - a potion of mutation
Books
 c - a book of Battle

   Spells                             Type                      Level
   a - Infusion                       Charms                       1
   b - Shroud of Golubria             Charms/Translocation         2
   c - Song of Slaying                Charms                       2
   d - Spectral Weapon                Hexes/Charms                 3
   e - Regeneration                   Charms/Necromancy            3
Miscellaneous
 f - a plain deck of destruction
 p - a plain deck of destruction {drawn: 7}
 s - a plain deck of summoning
Comestibles
 d - 5 rations


   Skills:
 - Level 1.5 Fighting
 + Level 4.9 Short Blades
 + Level 6.6 Dodging
 + Level 0.9 Stealth
 + Level 3.9 Spellcasting
 + Level 7.3 Charms


You had 6 spell levels left.
You knew the following spells:

 Your Spells              Type           Power        Failure   Level  Hunger
a - Infusion              Chrm           ####         1%          1    None
b - Regeneration          Chrm/Necr      ##........   12%         3    ###....
c - Spectral Weapon       Hex/Chrm       ##......     12%         3    ###....


Dungeon Overview and Level Annotations

Branches:
Dungeon (3/15)

Altars:
Fedhas
Nemelex Xobeh

Annotations:
D:3 Ijyb


Innate Abilities, Weirdness & Mutations

You are very small and have problems with some larger weapons.
You are too small for most types of armour.
You have supernaturally acute eyesight. (SInv)
You are a herbivore.
You cover ground extremely quickly.
You need consume almost no food.


Message History

Ijyb zaps a wand.
The puff of flame misses you.
You hit Ijyb but do no damage.
Ijyb is severely wounded.
Ijyb zaps a wand.
The puff of flame hits you!
* * * LOW HITPOINT WARNING * * *
You closely miss Ijyb.
Ijyb is severely wounded.
Ijyb screams, "You nasty!
Big nasty!"
Ijyb hits you with a dagger.
* * * LOW HITPOINT WARNING * * *
Evoke which item? (* to show all) (? for menu, Esc to quit)
You draw a card...
It is the Orb.
You have drawn the Orb.
Press: ? - help, Shift-Dir - straight line, f - Ijyb
Aim: Ijyb, wielding a dagger, wearing a ring mail and carrying a wand of flame (10) (severely wounded)
The orb of energy hits Ijyb.
Ijyb is almost dead.
Ijyb zaps a wand.
The puff of flame hits you!
You die...
Your body disappears without a glow.

#...................).....)......
#..###.#.##.##.#.####..#.........
...###.#.##.##.#.#####.#######.#.
##.....#.#............... #...
###.#.#.#####.#.#####.### ###.
#.#.........#.##.....# #.
#.###.#######..'.....## # #.
#.....# #######......# #.###.
####### #.g.@...<..#.# #.....
#..........# ###... #..........#
#... #..........# #...
#..........# ###' #..........#
.## #. ############ ..# #. #.# #.
#.####.


You could see Ijyb.

Vanquished Creatures
  Sigmund (D:2)
  Terence (D:3)
  An orc wizard (D:3)
  3 adders (D:3)
  2 worms (D:2)
  A dart slug (D:2)
  2 leopard geckos (D:1)
  An orc (D:3)
  A ball python (D:3)
  4 giant cockroaches
  16 goblins
  6 hobgoblins
  4 jackals (D:1)
  8 bats
  3 frilled lizards (D:1)
  5 kobolds
  6 rats
65 creatures vanquished.

Vanquished Creatures (collateral kills)
  The ghost of Lanoc the Skirmisher, an amateur TrWn (D:3)
  An orc wizard (D:3)
  An orc (D:3)
3 creatures vanquished.

Grand Total: 68 creatures vanquished

Notes
Turn   | Place    | Note
-------+----------+-------------------------------------------
     0 | D:1      | KristoblXynda the Spriggan Skald began the quest for the Orb.
     0 | D:1      | Reached XP level 1. HP: 10/10 MP: 5/5
   111 | D:1      | Reached XP level 2. HP: 14/14 MP: 0/6
   264 | D:1      | Reached skill level 5 in Charms
   474 | D:1      | Reached XP level 3. HP: 15/18 MP: 8/8
   489 | D:1      | Learned a level 3 spell: Regeneration
   493 | D:1      | Learned a level 3 spell: Spectral Weapon
   690 | D:1      | Found a sparkling altar of Nemelex Xobeh.
   797 | D:1      | Became a worshipper of Nemelex Xobeh the Trickster
   886 | D:1      | Received a gift from Nemelex Xobeh
  1072 | D:2      | Noticed Sigmund
  1111 | D:2      | Killed Sigmund
  1111 | D:2      | Reached skill level 5 in Dodging
  1111 | D:2      | Reached skill level 6 in Charms
  1111 | D:2      | Reached XP level 4. HP: 3/22 MP: 9/9
  1111 | D:2      | Reached XP level 5. HP: 3/25 MP: 10/10
  1596 | D:2      | Reached * piety under Nemelex Xobeh
  1646 | D:2      | Received a gift from Nemelex Xobeh
  1810 | D:2      | Found a blossoming altar of Fedhas.
  2171 | D:3      | Noticed Lanoc's ghost (amateur TrWn)
  2199 | D:3      | Killed Lanoc's ghost
  2199 | D:3      | Reached skill level 7 in Charms
  2199 | D:3      | Reached XP level 6. HP: 5/30 MP: 4/12
  2551 | D:3      | Received a gift from Nemelex Xobeh
  2697 | D:3      | Reached ** piety under Nemelex Xobeh
  2718 | D:3      | Noticed Terence
  2790 | D:3      | Killed Terence
  3056 | D:3      | Reached XP level 7. HP: 33/33 MP: 6/13
  3144 | D:3      | Noticed Ijyb
  3201 | D:3      | Killed from afar by Ijyb

Vault maps used:
D:1:      scummos_arrival_simple_crosswalls, corexii_hall_statues_i, hex_tiny,
          nemelex_diamond_rough_becter
D:2:      fedhas_altar_2, uniq_sigmund
D:3:      cheibrodos_greedy_goblins, uniq_ijyb, uniq_terence

Skill      XL: |  1  2  3  4  5 |
---------------+----------------+-----
Dodging        | 4 5 6 |  6.6
Charms         | 5 6 7 |  7.3
Short Blades   | 4 |  4.9
Spellcasting   | 3 |  3.9
Fighting       | |  1.5
Stealth        | |  0.9

Action                   |  1- 3 |  4- 6 |  7- 9 || total
-------------------------+-------+-------+-------++-------
Melee: Short sword       |   107 |   121 |    18 ||   246
 Cast: Infusion          |     3 |     8 |     2 ||    13
       Regeneration      |       |     2 |       ||     2
Evoke: Deck              |     3 |     3 |     1 ||     7
  Use: Potion            |     3 |       |       ||     3
       Scroll            |       |     2 |       ||     2
 Stab: Sleeping          |     1 |       |       ||     1
  Eat: Ration            |       |       |     1 ||     1
Armor: Robe              |    17 |     5 |     1 ||    23
       Skin              |    10 |       |       ||    10
Dodge: Dodged            |    96 |    87 |     8 ||   191

Table legend:
 A = Spawn XP
 B = Non-spawn XP
 C = Spawn XP percentage of total XP
 D = Spawn monster count
 E = Non-spawn monster count
 F = Spawn count percentage of total count
 G = Total turns spent on level
                    A         B        C        D         E        F      G
               +---------+---------+-------+---------+---------+-------+---------
         Total |       0 |     761 |   0.0 |       0 |      68 |   0.0 |  3201
               +---------+---------+-------+---------+---------+-------+---------
           D:1 |       0 |      48 |   0.0 |       0 |      29 |   0.0 |  1003
           D:2 |       0 |     266 |   0.0 |       0 |      12 |   0.0 |  1128
           D:3 |       0 |     447 |   0.0 |       0 |      27 |   0.0 |  1070
               +---------+---------+-------+---------+---------+-------+---------
